Unix NetHack Version 3.7.0-89 Work-in-progress - last build Sep 7 2023 15:16:41 (8494bff02b67719303c47e298deaa89034127798,branch:master). Game began 2023-09-09 21:55:51, ended 2023-09-09 22:19:05. grux, lawful female human Valkyrie -------------- ----- |.`........... |...| ----- |............| |..>.#######-...| ----- |............|# |...|# # |.^.| +...- |............|# |...|# |...---- |..<| --------.-.-..### --.--# ....*p*|# #....| #`###################### |..***..###----- ###### ## #% # ######.*....*|# ## ###### * ## ### ------+- f ---------.-.---- # #### @ |...............#### ### ### # |...{..........| # ## # --.------ # |...............##### #----.- |.......|## ---------------- #|.|..| |.....$.|# #.....| |.......|# |....| |..`....-# |....| --------- ------ Grux the Fighter St:15 Dx:16 Co:18 In:7 Wi:10 Ch:9 Lawful S:1902 Dlvl:4 $:206 HP:0(60) Pw:16(16) AC:-4 Xp:6/374 T:2480 Burdened Latest messages: The housecat bites! The housecat bites! The housecat bites! The housecat bites! The housecat bites! The housecat bites! The housecat bites! The housecat misses! The housecat misses! The housecat misses! The housecat bites! The housecat bites! The housecat bites! The housecat bites! The housecat bites! The housecat bites! The housecat bites! The housecat bites! The housecat bites! The housecat bites! The housecat bites! The housecat bites! The housecat bites! The housecat bites! The housecat bites! The housecat bites! The housecat bites! The housecat bites! The housecat bites! The housecat bites! The housecat bites! The housecat bites! The housecat bites! The housecat bites! The housecat just misses! The housecat bites! The housecat bites! The housecat bites! The housecat bites! You can move again. You kill the floating eye! The housecat misses! You feel agile! You must have been working on your reflexes. You hit the housecat. The housecat bites! You die... Do you want your possessions identified? [ynq] (y) y Do you want to see your attributes? [ynq] (y) y Do you want an account of creatures vanquished? [ynaq] (y) q Inventory: Coins $ - 206 gold pieces Weapons b - a +0 dagger (alternate weapon; not wielded) C - 4 +0 daggers a - a +1 spear (weapon in hand) Armor e - an uncursed +0 orcish helm (being worn) F - an uncursed +0 pair of iron shoes (being worn) c - an uncursed +3 small shield (being worn) g - an uncursed +0 leather cloak (being worn) h - an uncursed +0 splint mail (being worn) Comestibles d - an uncursed food ration k - 4 uncursed food rations s - an uncursed tripe ration Scrolls i - an uncursed scroll of earth p - a cursed scroll of genocide r - a cursed scroll of remove curse l - a blessed scroll of teleportation Spellbooks w - an uncursed spellbook of detect treasure Potions o - a blessed potion of booze q - an uncursed potion of booze G - an uncursed potion of hallucination A - an uncursed potion of levitation H - an uncursed potion of see invisible n - a blessed potion of sickness y - an uncursed potion of speed Rings E - an uncursed ring of regeneration Wands z - a wand of undead turning (0:5) Tools x - a bag of tricks (0:12) t - an uncursed tin whistle Gems/Stones B - an uncursed worthless piece of black glass Grux the Valkyrie's attributes: Background: You were a Fighter, a level 6 human Valkyrie. You were lawful, nominally on a mission for Tyr who was opposed by Odin (neutral) and Loki (chaotic). You were in the Dungeons of Doom, on level 4. You entered the dungeon 2480 turns ago. It was nighttime. You had 374 experience points, 266 more were needed to attain level 7. Your score was 1902 before end-of-game adjustments. Basics: You had 0 out of 60 hit points. You had all 16 energy points (spell power). Your armor class was -4. Your wallet contained 206 zorkmids. Autopickup was on for '$' plus thrown. Final Characteristics: Your strength was 15 (peak:17, limit:18/100). Your dexterity was 16 (limit:18). Your constitution was 18 (limit:18). Your intelligence was 7 (limit:18). Your wisdom was 10 (limit:18). Your charisma was 9 (limit:18). Final Status: You were not hungry. You were burdened; movement was slightly slowed. You were wielding a spear. You had basic skill with spear and could have enhanced that. Final Attributes: You were piously aligned. You were cold resistant. You were telepathic. You were stealthy. You were warded. You are dead. Miscellaneous: You never encountered a bones level. Total elapsed playing time was 23 minutes and 12 seconds. Major events: Turn 1: grux the lawful human Valkyrie entered the dungeon 484: attained the rank of Skirmisher (level 3) 1553: entered the Gnomish Mines 2107: attained the rank of Fighter (level 6) 2480: killed by a housecat Vanquished creatures: a blue jelly 2 rock moles a shrieker 2 gnome leaders a little dog 3 floating eyes 2 dwarves 2 homunculi a giant bat an orc zombie 2 iguanas an acid blob a hobbit 3 manes 3 giant rats 7 cave spiders a brown mold a yellow mold a green mold 9 gnomes 5 garter snakes 5 geckos 2 jackals 2 foxes a goblin 2 bats 5 lichens 2 newts 69 creatures vanquished. No species were genocided or became extinct. Voluntary challenges: You were an atheist. You read items or engraved 1 time. You never engraved Elbereth. You never genocided any monsters. You never polymorphed an object. You never changed form. You used no wishes. Achievements: You attained the rank of Skirmisher. You entered a shop. You entered the Gnomish Mines. You attained the rank of Fighter. The Dungeons of Doom: levels 1 to 4 Level 1: Some fountains. Level 2: Level 3: A health food store, a grave. Level 4: <- You were here. A fountain, a grave. Stairs down to The Gnomish Mines. Final resting place for you, killed by a housecat. The Gnomish Mines: Level 5: Game over: ---------- / \ / REST \ / IN \ / PEACE \ / \ | grux | | 206 Au | | killed by a | | housecat | | | | | | 2023 | *| * * * | * _________)/\\_//(\/(/\)/\//\/|_)_______ Farvel grux the Valkyrie... You died in The Dungeons of Doom on dungeon level 4 with 1882 points, and 206 pieces of gold, after 2480 moves. You were level 6 with a maximum of 60 hit points when you died.